 Dungeon Crawl Stone Soup version 0.31-a0-532-g28f74ba3e5 (webtiles) character file.

Game seed: 7109982305760064054

478 duskshroud the Chopper (level 6, -8/52 HPs)
             Began as a Minotaur Berserker on Aug 12, 2023.
             Was a Priest of Trog.
             Mangled by an ogre
             ... wielding a +0 giant club
              (31 damage)
             ... on level 4 of the Dungeon.
             The game lasted 00:14:11 (3199 turns).

duskshroud the Chopper (Minotaur Berserker)         Turns: 3199, Time: 00:14:11

Health: -8/52      AC: 12    Str: 23    XL:     6   Next: 85%
Magic:  5/5        EV:  9    Int:  4    God:    Trog [***...]
Gold:   118        SH:  0    Dex: 10    Spells: 5/5 levels left

rFire   . . .        c - +0 great sword
rCold   . . .        (shield currently unavailable)
rNeg    . . .        r - +0 chain mail
rPois   .            (helmet restricted)
rElec   .            n - +2 cloak
rCorr   .            (no gloves)
SInv    .            (no boots)
Will    .....        (no amulet) Stlth
                     (no ring)
HPRegen 0.28/turn    (no ring)
MPRegen 0.09/turn

%: no passive effects
@: no status effects
A: horns 2, retaliatory headbutt
a: Renounce Religion, Berserk, Trog's Hand


You were on level 4 of the Dungeon.
You worshipped Trog.
Trog was most pleased with you.
You visited 1 branch of the dungeon, and saw 4 of its levels.

You collected 118 gold pieces.

Inventory:

Hand Weapons
 c - a +0 great sword (weapon)
Armour
 m - +0 ice dragon scales
 n - a +2 cloak (worn)
 r - a +0 chain mail (worn)
Scrolls
 e - 3 scrolls of identify {unknown}
 f - a scroll of torment {unknown}
 g - 3 scrolls of noise {unknown}
 h - 2 scrolls of fear {unknown}
 j - a scroll of immolation {unknown}
 l - a scroll of blinking {unknown}
 o - 2 scrolls of fog {unknown}
 q - 2 scrolls of teleportation {unknown}
Potions
 a - a potion of berserk rage {unknown}
 b - a potion of invisibility {unknown}
 d - a potion of magic {unknown}
 i - a potion of degeneration {unknown}
 k - a potion of might {unknown}
 p - a potion of brilliance {unknown}
 s - a potion of curing {unknown}


   Skills:
 - Level 3.9 Fighting
 * Level 7.9 Axes
 - Level 4.1 Armour
 - Level 3.7 Dodging


You had 5 spell levels left.
You didn't know any spells.
Your spell library was empty.

Dungeon Overview and Level Annotations

Branches:
Dungeon (4/15)
 Temple: D:4-7

Altars:
Dithmenos
Kikubaaqudgha
Ru
The Shining One

Shops:
D:2 =([*=

Annotations:
D:4 1 runed translucent door, randomguy2701's ghost, amateur DENe


Innate Abilities, Weirdness & Mutations

You have a pair of horns on your head.
You reflexively headbutt those who attack you in melee.


Message History

A giant cockroach comes into view.
There is an open door here.
The helpless giant cockroach fails to defend itself.
You hit the giant cockroach.
The giant cockroach is almost dead.
The helpless giant cockroach fails to defend itself.
You slash the giant cockroach!
You kill the giant cockroach!
Trog accepts your kill.
No target in view!
You open the door.
There is an open door here.
There is an open door here.
s - a viscous brown potion
There is an open door here.
You see here a flux talisman.
There is an open door here.
q - 2 scrolls labelled XOIZIUDDOPP (gained 1)
There is an open door here.
There is an open door here.
There is an open door here.
You open the door.
There is an open door here.
You see here a +0 dagger.
There is an open door here.
You open the door.
There is an open door here.
An ogre comes into view. It is wielding a +0 giant club.
The ogre shouts!
You slash the ogre!
The ogre is moderately wounded.
The ogre hits you with a +0 giant club!!
You hit the ogre.
The ogre is moderately wounded.
The ogre hits you with a +0 giant club!
You barely miss the ogre.
The ogre is moderately wounded.
The ogre hits you with a +0 giant club!!
Ouch! That really hurt!
You die...

..≈~~~≈...#########
#####..#.#
...~~..≈....#
#......
....~~..≈.#.#
###### #....>.
#~.≈.~~~.≈..#
#....# ###.#....
#~~~≈.~~~####
#.##.#####...#.##.
#.~♣.♣~♣~≈~#
#.#..........#.##.
#.##≈.≈....#
#.#..#####..##.##.
.♣~..♣~≈.♣~#
#O#..##......#.###
#.≈.~~♣†≈~##
#@#..##.#.#..#.#
#.#.....###
#.......#.#..#.#
#.....#.#
#######.#.#..#
#.#.###.# #.#.....
#.#.###.# #########
....(...# #.#)#####
#.#<# #.###


You could see an ogre.

Vanquished Creatures
  An ice beast (D:4)
  A black bear (D:4)
  A hound (D:4)
  An orc priest (D:4)
  Crazy Yiuf (D:3)
  Terence (D:3)
  2 orc wizards (D:4)
  4 adders
  A worm (D:3)
  A dart slug (D:2)
  10 orcs (D:4)
  7 ball pythons
  7 endoplasms
  4 giant cockroaches
  16 goblins
  9 hobgoblins
  2 jackals (D:3)
  2 quokkas
  4 bats
  A frilled lizard (D:2)
  5 kobolds
  8 rats
89 creatures vanquished.

Notes
Turn   | Place    | Note
-------+----------+-------------------------------------------
     0 | D:1      | duskshroud the Minotaur Berserker began the quest for the
                  | Orb.
     0 | D:1      | Reached XP level 1. HP: 19/19 MP: 0/0
   207 | D:1      | Reached XP level 2. HP: 23/27 MP: 1/1
   487 | D:1      | Reached skill level 4 in Axes
   594 | D:1      | Reached ** piety under Trog
   622 | D:1      | Reached XP level 3. HP: 33/33 MP: 2/2
   807 | D:2      | Found Webil's Jewellery Shop.
   836 | D:2      | Found Kiuhaym's General Store.
   901 | D:2      | Found Does's Antique Armour Boutique.
  1029 | D:2      | Found Jodoof's Jewellery Emporium.
  1131 | D:2      | Found Omuluala's Weapon Boutique.
  1512 | D:3      | Noticed Terence
  1517 | D:3      | Killed Terence
  1518 | D:3      | Reached XP level 4. HP: 40/40 MP: 3/3
  1582 | D:3      | Reached skill level 5 in Axes
  1632 | D:3      | Found an ancient bone altar of Kikubaaqudgha.
  1857 | D:3      | Found a runed translucent door.
  1858 | D:3      | Noticed Crazy Yiuf
  1863 | D:3      | Killed Crazy Yiuf
  2259 | D:4      | Reached XP level 5. HP: 44/46 MP: 4/4
  2449 | D:4      | Reached skill level 6 in Axes
  2475 | D:4      | Reached XP level 6. HP: 51/52 MP: 5/5
  2500 | D:4      | Reached *** piety under Trog
  2508 | D:4      | Found a sacrificial altar of Ru.
  2514 | D:4      | Noticed randomguy2701's ghost (amateur DENe)
  2535 | D:4      | Found a runed translucent door.
  2547 | D:4      | Reached skill level 7 in Axes
  2649 | D:4      | Found a shadowy altar of Dithmenos.
  2738 | D:4      | Found a glowing golden altar of the Shining One.
  2761 | D:4      | Noticed an ice beast
  2771 | D:4      | Killed an ice beast
  3199 | D:4      | Mangled by an ogre

Illustrated notes

Levels and vault maps discovered:
D:1:      dpeg_arrival_shrine, layout_loops_ring, minmay_misc_feat_plants,
          chequers_hall_statues_y
D:2:      layout_basic, serial_shops, nicolae_diamond_shop, shop, shop, shop,
          nicolae_shop_just_a_little_nook
D:3:      minmay_door_path, layout_loops_ring,
          mainiacjoe_overflow_concentric_impassable,
          chequers_serial_rivers_large_a, uniq_crazy_yiuf_cottage, uniq_terence
D:4:      layout_basic, nicolae_ru_great_annihilating_truth,
          mainiacjoe_overflow_catch_the_wave, hellmonk_ghost_happy_afterlife,
          minmay_misc_feat_four_crosses, chequers_serial_rivers_marsh,
          chequers_avenue

Skill      XL: |  1  2  3  4  5  6 |
---------------+-------------------+-----
Axes           | 4 5 6 7 |  7.9
Armour         | 3 4 |  4.1
Dodging        | 3 |  3.7
Fighting       | |  3.9

Action                     |  1- 3 |  4- 6 || total
---------------------------+-------+-------++-------
  Melee: Great sword       |    85 |   117 ||   202
         Headbutt          |    14 |    19 ||    33
 Invoke: Berserk           |     1 |     2 ||     3
   Stab: Sleeping          |     1 |       ||     1
         Paralysed         |       |     2 ||     2
 Armour: Leather armour    |     1 |       ||     1
         Animal skin       |     1 |       ||     1
         Ring mail         |    11 |    79 ||    90
         Chain mail        |       |    14 ||    14
  Dodge: Dodged            |    66 |    93 ||   159

Table legend: (Time is in decaauts)
 A = Elapsed time spent in this place.
 B = Non-inter-level travel time spent in this place.
 C = Inter-level travel time spent in this place.
 D = Time resting spent in this place.
 E = Time spent auto-exploring this place.
 F = Levels seen in this place.
 G = Mean time per level.
                   A        B        C        D        E       F      G
               +--------+--------+--------+--------+--------+-----+--------+
         Total |   3384 |   3325 |     59 |    366 |   2094 |   4 |  846.0 |
       Dungeon |   3384 |   3325 |     59 |    366 |   2094 |   4 |  846.0 |
               +--------+--------+--------+--------+--------+-----+--------+

Top non-repeatable levels by time:
     D:3: 1020 daAuts
     D:4: 997 daAuts
     D:1: 824 daAuts
     D:2: 542 daAuts
